[Event "American Cup Women Elimination 2024"]
[Site "Saint Louis"]
[Date "2024.03.16"]
[Round "2.9"]
[White "Yu, Jennifer"]
[Black "Paikidze, Nazi"]
[Result "1-0"]
[ECO "D45"]
[WhiteElo "2279"]
[BlackElo "2319"]
[Annotator "TA"]
[PlyCount "122"]
[EventDate "2024.03.11"]
[EventType "k.o."]
[EventCountry "USA"]
[SourceTitle "playchess.com"]
[Source "ChessBase"]
[SourceQuality "1"]
[TimeControl "600+5"]

1. d4 Nf6 2. c4 e6 3. Nf3 d5 4. Nc3 c6 5. e3 Nbd7 6. Qc2 Bd6 7. b3 O-O 8. Bb2 b6 9. Be2 Bb7 10. O-O c5 11. cxd5 exd5 12. Rad1 Rc8 13. dxc5 bxc5 14. Qf5 (14. Ng5 $5 h6 15. Nge4 $11) 14... g6 15. Qg5 {[%emt 0:00:19] Die Stellung ist ausgeglichen.} Qe7 (15... Re8 $11) 16. Qh6 $14 {[%emt 0:00:21][%cal Oc3d5] Nxd5! wäre nun fies.} d4 17. exd4 Ng4 18. Qh3 h5 19. Rfe1 ({Besser ist} 19. d5 $16) 19... Ndf6 $2 {[%emt 0:00:27] [#]} (19... cxd4 $11 20. Rxd4 Rfe8) 20. Ba6 Qd7 {[%emt 0:00:20] [#]} 21. Bxb7 (21. dxc5 Bxc5 22. Rxd7 Bxf2+ 23. Kh1 Bxe1 $11) (21. Bb5 $1 $16 Qd8 22. d5) 21... Qxb7 {[%emt 0:00:04] [#]} 22. d5 {[%emt 0:00:11] Und jetzt Qh4 wäre schön.} c4 23. Ne4 $2 (23. Qh4 $16 {ist nötig, um Vorteil zu sichern. h3 ist eine echte Drohung.} cxb3 24. h3 bxa2 25. hxg4 (25. Ba1 Rfe8 $16) 25... Qxb2 26. Na4 (26. Qxf6 Bb4 $11)) 23... Nxe4 $19 24. Rxe4 f5 (24... c3 $19 25. Bc1 Rfe8 26. Rxe8+ Rxe8) 25. Re6 $18 (25. Rxc4 $2 Rxc4 26. Qh4 Rc2 $19) 25... c3 26. Rxg6+ Kf7 27. Rxd6 Rh8 28. Ng5+ Kg7 29. Ne6+ Kf7 30. Ng5+ $2 (30. Nd8+ $18 Rhxd8 31. Qxh5+ (31. Rxd8 h4 $18) 31... Kg8 32. Bxc3 (32. Rg6+ Qg7 $18)) 30... Ke7 $2 (30... Kg7 $11 31. Bxc3+ Kf8 32. Bxh8 Ke7 33. Re6+ (33. Qg3 Kf8 $18) 33... Kd7 34. Qxh5 (34. Bc3 Ra8 $18) 34... Kc7 35. Re7+ Kb8 36. Rxb7+ Kxb7) 31. Re6+ (31. Ba3 $142 Rh7 32. Nxh7 Kf7 33. Qxh5+ Kg8 34. Rg6+ (34. Qxf5 Kh8 35. Qxg4 Rg8 36. Ng5 Rxg5 37. Rh6+ Kg8 38. Qe6+ Qf7 39. Qc8+ Qe8 40. Qxe8+ Kg7 41. Qf8#) 34... Qg7 35. Ng5 (35. Rxg7+ Kxg7 36. Re1 Rc7 37. Bf8+ Kg8 38. Qg6+ Kh8 39. Re8 Rxh7 40. Bh6#) 35... Nf6 36. Rxg7+ Kxg7 37. Ne6+ Kg8 38. Qg6+ Kh8 39. Qg7#) 31... Kd7 32. Bxc3 Qb5 33. Rde1 {[%emt 0:00:05] Weiss will mit Re7+ Matt setzen.} Qc5 34. Bf6 (34. Qd3 $142 {Beabsichtigt Re7+ und Matt.} Rhe8 35. Rxe8 (35. Qxf5 Qxf2+ 36. Qxf2 Nxf2 $18) 35... Rxe8 36. Qxf5+ Kc7 37. Qf7+ (37. Rxe8 Qxf2+ 38. Qxf2 Nxf2 39. Kxf2 Kd7 40. Re6 Kc8 41. Ne4 h4 42. Nc5 a6 43. Ba5 Kb8 44. Bb6 Kc8 45. Re8#) 37... Kb6 38. Qxe8 (38. Rxe8 Qxf2+ 39. Qxf2+ Nxf2 40. Kxf2 Kc7 41. Ne4 Kd7 42. Re6 Kc8 43. Nc5 a5 44. Bxa5 Kb8 45. Bb6 h4 46. Re8#) 38... Qxf2+ 39. Kh1) 34... Qxf2+ 35. Kh1 Qxe1+ 36. Rxe1 {[%emt 0:00:04] jetzt Re7+ und aus.} Nf2+ 37. Kg1 {[%emt 0:00:04] Droht Matt per Re7+.} Nxh3+ 38. gxh3 Rhg8 39. Re7+ Kd6 40. Rxa7 Rc1+ $2 (40... Ra8 {war angesagt.} 41. Rxa8 Rxa8) 41. Kf2 Rc2+ 42. Ke3 Kxd5 43. Ra5+ Kc6 44. a4 ({Finger weg von} 44. Rxf5 Rxh2 45. Be5 Rxa2 $18) 44... Re8+ 45. Kf4 Rxh2 46. Kxf5 Rf2+ 47. Kg6 Rb8 48. Ra6+ Kd5 49. Ra5+ Kc6 50. Ne4 Rg2+ 51. Kxh5 Rxb3 52. h4 Re3 53. Ng5 Ra3 (53... Rh2 $142 54. Re5 Rb3) 54. Ra6+ Kb7 55. Re6 Rxa4 56. Nf7 {[%emt 0:00:06] Schwarz muss nun Kh6 beachten.} Rf2 $2 (56... Rgg4 57. Bg5 Kc8 58. Rc6+ Kb7) 57. Kg6 $2 (57. Kg5 $18 Rg2+ 58. Kh6) 57... Rg4+ $2 (57... Rxf6+ $14 58. Rxf6 Rxh4) 58. Bg5 Kc7 59. h5 Kd7 60. Re7+ Kc6 61. Ne5+ Kd5 {[%emt 0:00:10] Gewichteter Fehlerwert: Weiß=1.04/Schwarz=1.13.  Verlustzug:     	Weiß=1     	Schwarz=2     Gewinn verpasst:   	Weiß=1     	Schwarz=1     Fehler:       	Weiß=3     	Schwarz=4     Ungenau:       	---       	Schwarz=2     OK:         	Weiß=11    	Schwarz=8     Bester:       	Weiß=2     	Schwarz=8} 1-0

[Event "American Cup Women Elimination 2024"]
[Site "Saint Louis"]
[Date "2024.03.17"]
[Round "3.1"]
[White "Tokhirjonova, Gulrukhbegim"]
[Black "Yu, Jennifer"]
[Result "0-1"]
[ECO "E08"]
[WhiteElo "2365"]
[BlackElo "2279"]
[Annotator "TA"]
[PlyCount "84"]
[EventDate "2024.03.11"]
[EventType "k.o."]
[EventCountry "USA"]
[SourceTitle "playchess.com"]
[Source "ChessBase"]
[SourceQuality "1"]
[TimeControl "1500+10"]

1. d4 d5 2. c4 e6 3. Nf3 Nf6 4. g3 Bb4+ 5. Bd2 Be7 6. Bg2 O-O 7. O-O Nbd7 8. Qc2 Ne4 9. Bf4 c6 10. h4 h6 11. Nc3 g5 {[%emt 0:01:04] Droht stark ...Nxc3.} 12. hxg5 {[%emt 0:00:51] Weiß hat minimalen Vorteil.} hxg5 {[%emt 0:00:01] Droht ...Nxc3 und aus.} 13. Be3 f5 14. Ne5 Nxe5 15. dxe5 Qe8 16. Qc1 (16. Bxe4 $14 dxe4 17. Kg2) 16... Qh5 $11 (16... dxc4 $2 17. Nxe4 fxe4 18. Bxg5 $18 (18. Qxc4 Qh5 $18)) 17. Nxe4 dxe4 18. f3 exf3 (18... Rf7 {sieht schärfer aus.} 19. fxe4 Rh7 20. Rf3 fxe4 21. Rf2 Qh2+) 19. exf3 {[%emt 0:00:21] [#]} f4 $1 20. g4 (20. Bf2 fxg3) 20... Qh6 21. Bd4 Rd8 22. Qc3 b6 {[%emt 0:00:40][%cal Od8d4] ...Rxd4! ist eine echte Drohung.} 23. Rfd1 Ba6 (23... c5 $15 24. Bf2 Bd7) 24. Bf2 Kf7 25. Qc2 Qh8 26. Qe4 c5 27. b3 Rab8 28. a4 Bb7 29. Rxd8 (29. Qe2 $142) 29... Bxd8 $17 30. Qd3 Bc6 (30... Qxe5 31. Re1 Qf6 32. a5) 31. a5 Bc7 $36 {[%emt 0:00:42][%mdl 2048] Es drohte Qd6. Schwarz bestimmt, wo es lang geht.} (31... bxa5 $6 32. Qd6 (32. Bxc5 $2 Qxe5 33. Qh7+ Qg7 $19) 32... Rc8 33. Bxc5 $11) 32. axb6 Rd8 (32... Bxe5 $2 33. Rxa7+ Kf6 34. Bxc5 $18) (32... Bxb6 33. b4 (33. Qd6 Qe8 $11) 33... Rd8 (33... cxb4 $2 34. Bxb6 Rb7 35. Bxa7 $18) (33... Qxe5 34. Re1 $11) 34. Qb1 Qxe5 (34... Rd2 35. bxc5 Rxf2 36. cxb6 $11) 35. Qh7+ Kf8 (35... Qg7 36. Qxg7+ Kxg7 37. bxc5 $16) 36. Qh6+ (36. Re1 Qf6 $11) 36... Ke7 37. Qh7+ Kf8 38. Qh6+ (38. Re1 Qf6 $15) 38... Kf7 39. Re1 $15) (32... axb6 $2 33. Ra7 Rc8 34. Qd6 $18) 33. Qe2 axb6 ({Schwächer ist} 33... Qxe5 34. Qxe5 (34. bxc7 Qxa1+ 35. Bf1 Rc8 $17) 34... Bxe5 35. Rxa7+ Kg6 36. Bxc5 $16) ({Auf keinen Fall} 33... Bxb6 34. Be1 $15) 34. Re1 Qh7 {[%emt 0:00:02] Zielt auf ...Qd3 ab. Schwarz steht deutlich aktiver.} 35. b4 $2 {[%emt 0:00:42][%mdl 8192] Davon erholt Weiß sich nicht mehr.} (35. Bf1 $17 {leistet mehr Widerstand.}) 35... cxb4 $19 36. Qb2 Qd3 $1 37. Qxb4 Bxf3 38. Bxb6 (38. Qb1 $19 Qxb1 (38... Bxg4 $2 39. c5 $19) 39. Rxb1 Bxg4 40. Rc1) 38... Bxg2 {[%emt 0:00:09] Schwarz setzt Matt.} 39. Bxc7 {[%emt 0:00:10] [#] Weiss ist schwach auf den weissen Feldern} Qg3 $1 40. Qb2 (40. Qe7+ Kxe7) 40... Bd5+ 41. Kf1 Bxc4+ 42. Re2 Rd1# {[%emt 0:00:01] Gewichteter Fehlerwert: Weiß=0.49/Schwarz=0.08 (makellos) .  Verlustzug:     	Weiß=1     	---        Fehler:       	Weiß=3     	Schwarz=1     Ungenau:       	Weiß=6     	Schwarz=4     OK:         	Weiß=10    	Schwarz=12    Bester:       	---       	Schwarz=4} 0-1

[Event "American Cup Women Elimination 2024"]
[Site "Saint Louis"]
[Date "2024.03.17"]
[Round "3.2"]
[White "Yu, Jennifer"]
[Black "Tokhirjonova, Gulrukhbegim"]
[Result "0-1"]
[ECO "D35"]
[WhiteElo "2279"]
[BlackElo "2365"]
[Annotator "TA"]
[PlyCount "102"]
[EventDate "2024.03.11"]
[EventType "k.o."]
[EventCountry "USA"]
[SourceTitle "playchess.com"]
[Source "ChessBase"]
[SourceQuality "1"]
[TimeControl "1500+10"]

1. d4 d5 2. c4 e6 3. Nc3 Be7 4. cxd5 exd5 5. Bf4 Nf6 6. e3 c6 7. Bd3 O-O 8. Nf3 Nbd7 9. Qc2 Re8 10. O-O Nf8 11. Ne5 (11. h3 {is more appropriate.}) 11... Nh5 $11 12. Bg3 Nxg3 13. hxg3 {[%emt 0:00:04] Black is slightly better.} Bd6 14. Nf3 $1 Bg4 15. Ne2 (15. e4 $11) 15... Qf6 16. Nh2 Bd7 17. Nf4 g6 18. Rfe1 Rac8 19. Rab1 a5 20. a3 h5 21. Qd1 (21. Nf3 $15) 21... Kg7 22. b4 axb4 23. axb4 Nh7 (23... h4 $17 {Hoping for ...hxg3.} 24. gxh4 Bxf4 (24... Qxh4 25. g3 $17) 25. exf4 Qxf4 26. Rxe8 Rxe8) 24. b5 $15 h4 25. bxc6 bxc6 {[%emt 0:00:08] ...hxg3 is the strong threat.} 26. Nf1 (26. gxh4 $1 $15 Qxh4 27. g3) 26... hxg3 $19 27. fxg3 Qg5 28. Qf3 (28. Qd2 {was worth a try.}) 28... Nf6 29. Nh3 Qh6 30. Nf2 Rh8 {[%emt 0:01:06] Black is more active.} (30... Re6 $142 31. Rb6 Rh8) 31. Rb7 $17 Be6 {[%emt 0:02:16] A strong pair of Bishops.} 32. Reb1 (32. e4 $17 dxe4 33. Bxe4) 32... Rh7 ({Black should play} 32... Ra8 $19 {White must now prevent ...Ra2.} 33. R7b6 Bd7) 33. R1b6 $15 Qg5 34. e4 dxe4 35. Nxe4 {[%emt 0:00:01][%mdl 8192] Black converts the advantage convincingly.} (35. Bxe4 $15 Qc1 36. Bxc6) 35... Nxe4 $19 36. Bxe4 Rch8 {[%emt 0:02:27] ( -> ...Rh1+)} 37. Rxc6 Rh1+ 38. Kf2 {[%emt 0:00:01] [#]} Rxf1+ $1 39. Kxf1 {[%emt 0:00:01] [#]} Qd2 $1 40. Qe2 (40. Kg1 Qe1+) 40... Rh1+ 41. Kf2 {[%emt 0:00:00] [#]} Bxg3+ $1 {[%emt 0:00:26][%mdl 512] Black mates.} 42. Kxg3 Qxe2 43. Rxe6 Qe1+ 44. Kg4 Qh4+ 45. Kf3 Rf1+ 46. Ke2 Qf2+ 47. Kd3 Rd1+ 48. Kc3 Qxd4+ ({Weaker is} 48... Rxd4 49. Rxg6+ Kf8 50. Rb8+ Ke7 51. Rb7+ Rd7 52. Rxd7+ Kxd7 53. Rg8 $17) 49. Kb3 Qe3+ 50. Kb4 Rd4+ 51. Kb5 Rxe4 {[%emt 0:00:03] Weighted Error Value: White=0.73/Black=0.15 (very precise) .  Loses game:     	White=1     	---        Mistake:       	White=5     	Black=3      Inaccurate:     	White=3     	Black=3      OK:         	White=5     	Black=6      Best:        	White=3     	Black=2      Strong:       	White=1     	---} 0-1

[Event "American Cup Women Elimination 2024"]
[Site "Saint Louis"]
[Date "2024.03.17"]
[Round "3.3"]
[White "Yu, Jennifer"]
[Black "Tokhirjonova, Gulrukhbegim"]
[Result "0-1"]
[ECO "D31"]
[WhiteElo "2279"]
[BlackElo "2365"]
[Annotator "TA"]
[PlyCount "124"]
[EventDate "2024.03.11"]
[EventType "k.o."]
[EventCountry "USA"]
[SourceTitle "playchess.com"]
[Source "ChessBase"]
[SourceQuality "1"]
[TimeControl "1500+10"]

1. d4 d5 2. c4 e6 3. Nc3 Be7 4. cxd5 exd5 5. Bf4 c6 6. e3 Bf5 7. g4 Be6 8. h3 Nd7 9. Bd3 g5 10. Bg3 h5 $1 {[%emt 0:00:36] The position is equal.} 11. Bf5 Bxf5 12. gxf5 Nb6 13. e4 (13. Qd3 $15) 13... dxe4 $17 14. Nxe4 Qd5 15. Qd3 O-O-O (15... Qxf5 $2 16. Nd6+ Bxd6 17. Qxf5 $18) 16. Nf3 Nh6 (16... Qxf5 $2 17. Nd6+ Rxd6 18. Qxf5+ $18) 17. f6 Bb4+ 18. Kf1 g4 $36 {[%emt 0:00:10][%mdl 2048] Black is in control.} 19. hxg4 hxg4 20. Nfg5 Nf5 (20... Qxd4 21. Qxd4 Rxd4 22. Rh5 $14) 21. Kg2 (21. Rxh8 {was the only chance.} Rxh8 22. Kg1) 21... Nxg3 (21... Qxd4 $2 22. Qxd4 (22. Nd6+ Qxd6 23. Bxd6 Nxd6 $18) 22... Nxd4 23. Nxf7 Rxh1 24. Rxh1 $18) (21... Nxd4 22. Rxh8 Rxh8 23. Rd1 $16 (23. Nxf7 Qxf7 24. Qxd4 Qh5 $11)) (21... Rhg8 $142 22. Rh5 Nxg3 (22... Qxd4 $2 23. Qxd4 Rxd4 24. Be5 $18) (22... Nxd4 23. a3 $16) 23. Kxg3 Nc4 (23... Qxd4 24. Qxd4 Rxd4 25. Rah1 $11)) 22. Qxg3 {[%emt 0:00:13] [#]} (22. Rxh8 {was worth a try.} Rxh8 23. Qxg3) 22... Rhg8 $1 $19 (22... Qxd4 23. Rad1 (23. Qxg4+ Qd7 $18) 23... Qc4 24. Rxh8 (24. Qxg4+ Kb8 $18) 24... Rxh8 25. a3 $18 (25. Qxg4+ Kb8 $18)) 23. Qxg4+ Kb8 24. Rad1 {[%emt 0:00:52] [#] Prevents Bd2.} (24. Rh5) 24... Rxg5 $1 25. Qxg5 Qxe4+ 26. Kg1 Bd6 (26... Rxd4 27. Rxd4 Qxd4 28. Qg3+ Kc8 29. Rh8+ Kd7 30. Qh3+ Kc7 31. Rh7 $11) 27. Rh4 Qf3 28. Qg4 Qxf6 29. Rd3 Nd5 30. Rf3 Qe7 31. Rh6 Qe1+ 32. Kg2 Qe2 33. Qg5 {[%emt 0:00:19][%cal Rg5d8] Inhibits Ne3+.} f6 34. Qg7 Qe6 (34... Qe4 $142 35. Rh8 Nf4+ 36. Kg1 Qb1+ 37. Kh2 Ng6+ 38. Kg2 Rxh8 39. Qxh8+ Nxh8 40. Rxf6 Qe4+ 41. Kf1 Qd3+ (41... Qxd4 42. Rxd6 Qxd6 43. Kg2 Ng6 44. Kf3 Qf4+ 45. Ke2 Qe4+ 46. Kd2 Nf4 47. b3 Qd3+ 48. Kc1 Qe2 49. Kb1 Nd3 50. a4 Qb2#) 42. Kg2 Qxd4 (42... Qe4+ $2 43. Kf1 $19) 43. Rxd6 Qxd6 44. Kf3 Qd5+ 45. Kg3 Qxa2 46. b4 Ng6 47. Kf3 Qe6 48. b5 cxb5 49. Kg3 Qe4 50. f3 Qh4+ 51. Kg2 Nf4+ 52. Kg1 Qg3+ 53. Kf1 Qxf3+ 54. Kg1 Qg2#) 35. Rh8 Rxh8 36. Qxh8+ Kc7 {[%emt 0:00:01] ( -> ...Qg4+)} 37. Qg7+ (37. Qh7+ $142 Be7 38. Qg6) 37... Be7 38. Qg3+ Kc8 39. Qh3 Qxh3+ 40. Kxh3 Kd7 41. Kg4 Ke6 42. Rh3 b5 43. a3 (43. Kf3 $142) 43... a5 44. Rh1 f5+ 45. Kf3 Bf6 46. Rd1 a4 47. Ke2 Nb6 {[%emt 0:00:11] And now ...Nc4 would win.} 48. Kf3 Nc4 49. Re1+ Kd5 50. Kf4 Bxd4 51. Re2 Nxb2 {[%emt 0:00:10][%cal Ob5b4] Threatens to win with ...b4!} 52. Kxf5 c5 {[%emt 0:00:05] Hoping for ...b4.} 53. f4 b4 {[%emt 0:00:03] Black mates.} 54. axb4 cxb4 55. Re8 a3 56. Ra8 Kc4 57. Ke6 Kb3 58. f5 Na4 59. Rd8 a2 60. Rxd4 a1=Q ({Stronger than} 60... a1=B 61. Rg4 $11) 61. Rd5 Kc4 62. f6 Nc5+ {[%emt 0:00:04] Black took control after the opening.   Weighted Error Value: White=0.90/Black=0.48.  Mistake:       	White=6     	Black=1      Inaccurate:     	White=8     	Black=2      OK:         	White=7     	Black=19     Best:        	White=3     	Black=1      Strong:       	---       	Black=2      Brilliant:      	---       	Black=1} 0-1

[Event "American Cup Women Elimination 2024"]
[Site "Saint Louis"]
[Date "2024.03.17"]
[Round "3.4"]
[White "Tokhirjonova, Gulrukhbegim"]
[Black "Yu, Jennifer"]
[Result "1-0"]
[ECO "A07"]
[WhiteElo "2365"]
[BlackElo "2279"]
[Annotator "RC"]
[PlyCount "63"]
[EventDate "2024.03.11"]
[EventType "k.o."]
[EventCountry "USA"]
[SourceTitle "playchess.com"]
[Source "ChessBase"]
[SourceQuality "1"]
[TimeControl "1500+10"]

1. Nf3 d5 2. g3 g6 3. Bg2 Bg7 4. O-O e5 5. d3 Ne7 6. c4 O-O 7. e4 d4 8. b4 c5 9. bxc5 Na6 10. Ba3 Qc7 11. Nbd2 Nxc5 12. Nb3 Ne6 13. Rc1 a5 14. c5 f5 15. exf5 gxf5 16. Nbd2 Nc6 17. Re1 Nb4 18. Bxb4 axb4 19. Nc4 e4 20. dxe4 fxe4 21. Rxe4 Nxc5 22. Rh4 Rxa2 23. Ncd2 b6 24. Nxd4 Qd6 25. Nc4 Qg6 26. Ne2 Nd3 27. Bd5+ Be6 28. Bxe6+ Qxe6 29. Qxd3 Qxe2 30. Qxh7+ Kf7 31. Rf4+ Ke8 32. Re4+ 1-0

[Event "American Cup Women Elimination 2024"]
[Site "Saint Louis"]
[Date "2024.03.18"]
[Round "4.1"]
[White "Tokhirjonova, Gulrukhbegim"]
[Black "Lee, Alice"]
[Result "1-0"]
[ECO "D53"]
[WhiteElo "2365"]
[BlackElo "2356"]
[Annotator "TA"]
[PlyCount "89"]
[EventDate "2024.03.11"]
[EventType "k.o."]
[EventCountry "USA"]
[SourceTitle "playchess.com"]
[Source "ChessBase"]
[SourceQuality "1"]
[TimeControl "900+10"]

1. d4 d5 2. c4 e6 3. Nf3 Nf6 4. Nc3 Nbd7 5. Bg5 Be7 6. e3 h6 7. Bf4 a6 8. Rc1 O-O 9. cxd5 {[%emt 0:01:58] Weiß steht etwas besser.} exd5 10. Bd3 c5 11. O-O c4 12. Bb1 b5 13. Ne5 Bb7 (13... Re8 $5) 14. Bf5 b4 15. Ne2 Nxe5 (15... a5 $14 {kam in Betracht.}) 16. dxe5 $16 Nd7 (16... Nh5 $142) 17. Nd4 (17. Ng3 $142) 17... Nc5 18. Qg4 Kh8 (18... Bg5 $142) 19. Rfd1 {[%emt 0:00:21] Weiß hat aktiveres Spiel.} Bg5 20. Nf3 $2 (20. Bb1 $16) 20... Bxf4 $11 21. Qxf4 Qe7 ({Besser ist} 21... a5 $11) 22. Bb1 (22. b3 $1 $14) 22... Kg8 23. h4 Rad8 24. Nd4 Rfe8 $2 (24... Nd7 $1 $11) 25. Nf3 $2 (25. Nf5 $1 $18 Qe6 (25... Qxe5 $2 26. Qxe5 Rxe5 27. Rxc4 $18) 26. Qg3) 25... Ne6 26. Qg3 h5 27. Nd4 $40 {[%emt 0:00:38][%mdl 128] Schwarz muss sich nun genau verteidigen.} Nxd4 28. exd4 Bc8 29. Re1 Bg4 30. Re3 Rc8 31. f3 Be6 32. f4 {[%emt 0:00:38] Schwarz muss nun f5 beachten.} Bg4 {[%emt 0:00:43] Und jetzt ...Qa7 wäre schön.} (32... Qd7 {mit weiteren Verwicklungen.} 33. Qg5 Bg4 34. f5 f6) 33. f5 Rc6 (33... f6 $11 {sieht stärker aus.}) 34. Rce1 Qf8 35. Qf4 c3 36. bxc3 bxc3 {[%emt 0:00:01] Und ...c2 würde nun gewinnen.} 37. Bc2 Rb8 38. Bb3 (38. f6 $16 {Droht fxg7 und aus.} Rb2 39. Rc1) 38... c2 (38... Rxb3 $1 $11 {bleibt in der Remisbreite.} 39. axb3 c2) 39. Rc1 $1 $16 (39. Bxd5 $2 c1=Q 40. Rxc1 Rxc1+ $19) 39... Qa3 (39... Qd8 $142) 40. Ree1 $2 (40. Bxd5 $2 Qxc1+ 41. Kh2 Qxe3 42. Qxe3 c1=Q $19) (40. Rxc2 $2 Rxc2 41. Bxc2 Qc1+ (41... Qxa2 $2 42. e6 $18) 42. Kh2 Qxc2 $19) ({Der einzige Zug:} 40. Rg3 $1 $16) 40... Qa5 $2 (40... Rxb3 $1 $11 {und Schwarz muss sich keine Sorgen machen.} 41. axb3 Qxb3) 41. e6 (41. Bxc2 $2 Rxc2 (41... Qxa2 $2 42. e6 $18) 42. e6 Rbc8 (42... Rxa2 43. Qxb8+ Kh7 44. exf7) 43. exf7+ Kxf7 $19) 41... Rf8 (41... Qc7 42. Qxc7 Rxc7) 42. e7 (42. Bxc2 Rxc2 (42... fxe6 43. Qe3 $11) 43. exf7+ Kh7 $11 (43... Kxf7 44. Re7+ Kxe7 45. Qe5+ Kd8 46. Qd6+ Ke8 47. Qe6+ Kd8 48. Rxc2 $18)) (42. exf7+ $142 Rxf7 43. Re5 (43. Bxc2 Qc7 $11)) 42... Re8 $18 {[%emt 0:00:01] [#]} 43. Qe5 $1 (43. Bxc2 $2 {geht unter.} Rxc2 (43... Qxa2 44. Bd3 $18) 44. f6 gxf6 (44... Rxa2 $2 45. Qg5 $18) (44... Qxa2 45. Rxc2 Qxc2 46. Re5 $11) 45. Qxf6 Qd2 (45... Rxa2 46. Rf1) 46. Rxc2 Qxe1+ $19) 43... Rc7 $2 (43... Kh7 44. Rxc2 (44. Bxd5 Rxe7 45. Qxe7 Qxd5 $11) 44... Rxc2 45. Bxc2 f6) 44. Qxd5 $2 {[%emt 0:00:25] [#]} ({Weniger gut wäre} 44. f6 Qb6 $16) ({Weiss kommt nicht vorbei an} 44. Bxd5 $18 Qxe1+ 45. Qxe1 Rcxe7 46. Qa5) 44... Rcxe7 45. Qxa5 {[%emt 0:00:08] Gewichteter Fehlerwert: Weiß=0.52/Schwarz=0.64.  Verlustzug:     	---       	Schwarz=3     Gewinn verpasst:   	Weiß=2     	---        Fehler:       	Weiß=6     	Schwarz=9     Ungenau:       	Weiß=3     	Schwarz=2     OK:         	Weiß=11    	Schwarz=8     Bester:       	---       	Schwarz=4     Stark:        	Weiß=2     	---} 1-0

[Event "American Cup Women Elimination 2024"]
[Site "Saint Louis"]
[Date "2024.03.18"]
[Round "4.2"]
[White "Lee, Alice"]
[Black "Tokhirjonova, Gulrukhbegim"]
[Result "1-0"]
[ECO "D12"]
[WhiteElo "2356"]
[BlackElo "2365"]
[Annotator "TA"]
[PlyCount "65"]
[EventDate "2024.03.11"]
[EventType "k.o."]
[EventCountry "USA"]
[SourceTitle "playchess.com"]
[Source "ChessBase"]
[SourceQuality "1"]
[TimeControl "900+10"]

1. d4 d5 2. c4 c6 3. Nf3 Nf6 4. e3 Bf5 5. Nc3 e6 6. Nh4 Be4 7. f3 Bg6 8. Bd2 Nbd7 9. Nxg6 hxg6 {[%emt 0:00:02] The position is equal.} 10. Qc2 Bd6 11. O-O-O Qc7 12. e4 ({White should try} 12. h3 $14) 12... dxe4 $11 13. fxe4 e5 $1 14. d5 a5 {[%emt 0:00:05] [#]} (14... Ng4 $15 {stays ahead.}) 15. Be2 $1 $16 Nc5 16. Be3 Na6 17. Kb1 Bc5 18. Qd2 ({Better is} 18. Qd3 $16) 18... O-O {[%emt 0:00:18] [#] This move loses the game for Black.} (18... Qb6 $11 {and Black is okay.} 19. Bxc5 Nxc5) 19. h4 $1 $18 {[%emt 0:00:48][%cal Bh2h4,Bh4h5][%mdl 32] Strongly threatening h5.} Qb6 20. Bg5 Nh7 (20... Bb4 $16) 21. h5 {[%emt 0:01:15] hxg6 would now be deadly.} (21. Na4 $6 Qb4 $18) 21... f6 $2 (21... Bd4 {was worth a try.}) 22. Na4 (22. hxg6 Nxg5 23. Rh5 Rfd8 $18) 22... Qb4 {[%emt 0:00:16] [#]} 23. Qc2 b5 (23... Nxg5 24. a3) 24. cxb5 cxb5 25. Nxc5 (25. hxg6 Nxg5 26. Nc3 Bd6 $16) 25... Qxc5 26. Qxc5 (26. hxg6 Qxc2+ (26... Nxg5 $2 27. Qb3 $18) 27. Kxc2 Nxg5 $14) 26... Nxc5 27. Be3 (27. hxg6 Nxg5 28. Rh4 Rfb8 $11 (28... Ncxe4 $2 29. Rdh1 $18)) 27... Nxe4 28. hxg6 (28. Bxb5 Rfb8 29. a4 (29. hxg6 Rxb5 30. gxh7+ Kh8 $15) 29... gxh5 $18) 28... Nhg5 29. Rh4 Ng3 {[%emt 0:01:02] Dodges Rdh1} 30. Bg4 Rfd8 31. d6 {[%emt 0:00:32] Black must now prevent Bxg5.} Ra6 32. Bxg5 {[%emt 0:00:13] Be6+ would kill now.} fxg5 (32... Rdxd6 $18 33. Rc1 Rac6 34. Rxc6 Rxc6) 33. Be6+ {[%emt 0:00:01] Weighted Error Value: White=0.23 (precise) /Black=0.79.  Mistake:       	White=2     	Black=5      Inaccurate:     	---       	Black=1      OK:         	White=9     	Black=3      Best:        	White=3     	Black=2      Strong:       	White=2     	Black=1} 1-0